 Dungeon Crawl Stone Soup version 0.28.0 (webtiles) character file.

Game seed: 12325030426103195871

135 Morbidden the Conjurer (level 4, 0/32 HPs)
             Began as a Demonspawn Conjurer on Feb 8, 2022.
             Slain by an orc priest (2 damage)
             ... on level 3 of the Dungeon.
             The game lasted 00:02:10 (2539 turns).

Morbidden the Conjurer (Demonspawn Conjurer)        Turns: 2539, Time: 00:02:11

Health: 0/32       AC:  4    Str: 13    XL:     4   Next: 96%
Magic:  6/7        EV: 12    Int: 21    God:
Gold:   103        SH:  0    Dex: 12    Spells: 7/8 levels left

rFire   . . .      SeeInvis .   e - +3 war axe
rCold   . . .      Faith    .   (no shield)
rNeg    . . .      Spirit   .   a - +0 robe
rPois   .          Reflect  .   (no helmet)
rElec   .          Harm     .   (no cloak)
rCorr   .          Rampage  .   (no gloves)
Will    .....                   (no boots)
Stlth   ++........              (no amulet)
HPRegen 0.10/turn               j - +6 ring of strength
MPRegen 0.10/turn               (no ring)

@: no status effects
A: icy blue scales 1, weakness stinger 2
a: no special abilities


You were on level 3 of the Dungeon.
You visited 1 branch of the dungeon, and saw 3 of its levels.

You collected 103 gold pieces.

Inventory:

Hand Weapons
 e - a +3 war axe (weapon)
Missiles
 k - 14 poisoned darts
Armour
 a - a +0 robe (worn)
Jewellery
 j - a +6 ring of strength (left hand)
Scrolls
 b - a scroll of amnesia {unknown}
 c - 3 scrolls of identify {unknown}
 g - a scroll of teleportation {unknown}
 i - a scroll of enchant weapon {unknown}
Potions
 d - a potion of heal wounds {unknown}
 h - a potion of mutation {unknown}


   Skills:
 * Level 1.4 Fighting
 * Level 1.8 Axes
 * Level 2.2 Dodging
 + Level 2.0 Stealth
 * Level 2.6 Spellcasting
 * Level 4.8 Conjurations


You had 7 spell levels left.
You knew the following spells:

 Your Spells              Type           Power      Damage    Failure   Level
a - Magic Dart            Conj           88%        1d7       1%          1

Your spell library contained the following spells:

 Spells                   Type           Power      Damage    Failure   Level
 Searing Ray              Conj           44%        2d6       3%          2
 Dazzling Flash           Conj/Hex       24%        N/A       16%         3
 Fulminant Prism          Conj/Hex       6%         3d7       45%         4
 Iskenderun's Mystic Bla  Conj/Tloc      12%        2d5       45%         4


Dungeon Overview and Level Annotations

Branches:
Dungeon (3/15)

Altars:


Innate Abilities, Weirdness & Mutations

You are partially covered in icy blue scales. (AC +2)
You have a tail ending in a sharp stinger.


Message History

Aim: an orc, wielding a +0 dagger (lightly wounded, 100% to hit)
The magic dart hits the orc.
The orc is severely wounded.
An orc comes into view. It is wielding a +0 mace.
The orc hits you with a +0 dagger.
You hit the orc.
You kill the orc!
You closely miss the orc.
Your tail-slap misses the orc.
The orc hits you with a +0 war axe. The orc hits you with a +0 war axe!
You hit the orc.
Your tail-slap misses the orc.
Your punch misses the orc.
The orc is moderately wounded.
Unknown command.
You hit the orc.
The orc is almost dead.
The orc closely misses you.
You closely miss the orc.
The orc is almost dead.
The orc closely misses you.
You barely miss the orc. You tail-slap the orc.
You kill the orc!
You closely miss the orc. The orc hits you with a +0 mace.
You are too injured to fight recklessly!
You are too injured to fight recklessly!
Unknown command.
You are too injured to fight recklessly!
You barely miss the orc priest. You hit the orc.
The orc priest hits you with a +0 hand axe.
* * * LOW HITPOINT WARNING * * *
The orc hits you with a +0 mace.
* * * LOW HITPOINT WARNING * * *
The orc priest closely misses you.
You hit the orc priest.
The orc priest is moderately wounded.
You hit the orc.
You kill the orc!
The orc priest hits you but does no damage.
You hit the orc priest.
The orc priest is severely wounded.
The orc priest hits you with a +0 hand axe.
You die...

....#.....#..#
........)....#####
...#..)..#...(..#
............####.#
###.#.#.#.#.##...#
#.........##.#####.#
...........#.......#
#############.#####.#
#.@)# ###o# #.oo).#
#.#####


You could see an orc priest.

Vanquished Creatures
  An orc priest (D:3)
  4 adders (D:2)
  3 worms
  A dart slug (D:3)
  7 orcs (D:3)
  4 ball pythons (D:1)
  2 bats
  6 endoplasms
  2 giant cockroaches (D:1)
  4 goblins
  3 hobgoblins
  3 quokkas
  3 frilled lizards
  4 kobolds
  6 rats
53 creatures vanquished.

Notes
Turn   | Place    | Note
-------+----------+-------------------------------------------
     0 | D:1      | Morbidden the Demonspawn Conjurer began the quest for the
                  | Orb.
     0 | D:1      | Reached XP level 1. HP: 13/13 MP: 3/3
   271 | D:1      | Gained mutation: You have a small tail. [demonic ancestry]
   271 | D:1      | Reached XP level 2. HP: 20/20 MP: 1/5
   728 | D:1      | Reached skill level 1 in Fighting
  1038 | D:2      | Gained mutation: You have a tail ending in a sharp stinger.
                  | [demonic ancestry]
  1038 | D:2      | Reached XP level 3. HP: 18/26 MP: 6/6
  1380 | D:2      | Reached skill level 1 in Axes
  1723 | D:2      | Gained mutation: You are partially covered in icy blue
                  | scales. (AC +2) [demonic ancestry]
  1723 | D:2      | Reached XP level 4. HP: 32/32 MP: 1/7
  1816 | D:3      | Found a faded altar of an unknown god.
  2539 | D:3      | Slain by an orc priest

Illustrated notes

Levels and vault maps discovered:
D:1:      lightli_arrival_chessboard, layout_rooms
D:2:      layout_basic
D:3:      layout_basic, nicolae_ecumenical_pavilion, st_stairs_2,
          chequers_big_river, minmay_misc_feat_ornament

Skill      XL: |  1  2  3  4 |
---------------+-------------+-----
Dodging        | 2 |  2.2
Fighting       | 1 |  1.4
Axes           | 1 |  1.8
Stealth        | 2 |  2.0
Spellcasting   | |  2.6
Conjurations   | |  4.8

Action                   |  1- 3 |  4- 6 || total
-------------------------+-------+-------++-------
Melee: War axe           |    24 |    13 ||    37
       Tailslap          |     1 |     1 ||     2
 Cast: Magic Dart        |    52 |    35 ||    87
  Use: Potion            |       |     1 ||     1
 Stab: Sleeping          |     1 |       ||     1
Armor: Robe              |     8 |     4 ||    12
Dodge: Dodged            |    27 |     6 ||    33
